 Dungeon Crawl Stone Soup version 0.28-a0-1555-g9ae15a6949 (webtiles) character file.

Game seed: 1583783235852742333

43294 tilp the Frost Mage (level 13, -2/61 HPs)
             Began as a Felid Ice Elementalist on Jan 18, 2022.
             Was a High Priest of Vehumet.
             Slain by a brown ugly thing (5 damage)
             ... on level 15 of the Dungeon on Jan 19, 2022.
             The game lasted 01:19:01 (44593 turns).

tilp the Frost Mage (Felid Ice Elementalist)       Turns: 44593, Time: 01:19:01

Health: -2/61      AC:  8    Str:  4    XL:     13   Next: 90%
Magic:  7/36       EV: 23    Int: 21    God:    Vehumet [*****.]
Gold:   156        SH:  0    Dex: 17    Spells: 3/30 levels left
                                        Lives:  0   Deaths: 3

rFire   . . .      SeeInvis +     - Unarmed
rCold   + . .      Faith    .   (shield unavailable)
rNeg    . . .      Spirit   .   (armour unavailable)
rPois   .          Reflect  .   (helmet unavailable)
rElec   .          Harm     .   (cloak unavailable)
rCorr   .          Rampage  .   (gloves unavailable)
Will    +....                   (boots unavailable)
Stlth   +++++.....              P - amulet of magic regeneration
HPRegen 0.20/turn               u - +4 ring of protection
MPRegen 0.65/turn               C - ring of magical power

@: ice-armoured, unable to drink, corroded, slightly contaminated, quick
A: very small, claws 1, fangs 3, see invisible, speed 1, shaggy fur 3, stealthy
paws, no weapons or thrown items, no armour, multi-lived
a: Renounce Religion


You were on level 15 of the Dungeon.
You worshipped Vehumet.
Vehumet was extremely pleased with you.
You visited 4 branches of the dungeon, and saw 24 of its levels.

You collected 2394 gold pieces.
You spent 2238 gold pieces at shops.

Inventory:

Jewellery
 a - a +4 ring of evasion
 h - a ring of fire
 l - a ring of ice
 m - a ring of protection from fire
 n - a ring of wizardry
 p - a ring of fire
 q - a ring of resist corrosion
 r - a +6 ring of dexterity
 u - a +4 ring of protection (left paw)
 z - a ring of protection from cold
 A - a ring of ice
 C - a ring of magical power (right paw)
 L - a +4 ring of protection
 P - an amulet of magic regeneration (around neck)
 V - an amulet of faith
Wands
 d - a wand of digging (14)
 k - a wand of charming (8)
 y - a wand of iceblast (8)
 F - a wand of acid (6)
 I - a wand of polymorph (3)
 M - a wand of mindburst (9)
 O - a wand of paralysis (6)
Scrolls
 o - 3 scrolls of blinking
 v - 3 scrolls of fear
 E - a scroll of magic mapping
 G - 4 scrolls of fog
 H - a scroll of amnesia
 J - a scroll of immolation
 K - 3 scrolls of teleportation
 R - a scroll of identify
 T - a scroll of torment
Potions
 b - 6 potions of resistance
 c - 6 potions of curing
 e - 5 potions of ambrosia
 f - 2 potions of attraction
 g - 6 potions of heal wounds
 i - 2 potions of flight
 j - 2 potions of lignification
 s - 3 potions of invisibility
 t - a potion of might
 w - 3 potions of haste
 x - a potion of magic
 B - 3 potions of cancellation
 S - a potion of mutation
Miscellaneous
 D - a piece from Xom's chessboard (15/15)
 N - a condenser vane (inert)
 Q - a phial of floods
 U - a box of beasts
 W - a lightning rod (4/4)


   Skills:
 + Level 9.7 Fighting
 - Level 10.0 Dodging
 - Level 12.0 Stealth
 + Level 9.7 Unarmed Combat
 - Level 9.0 Spellcasting
 - Level 12.0 Conjurations
 - Level 12.0 Ice Magic
 - Level 8.0 Earth Magic
 - Level 10.0 Evocations


You had 3 spell levels left.
You knew the following spells:

 Your Spells              Type           Power      Damage    Failure   Level
a - Freeze                Ice            100%       1d11      1%          1
b - Frozen Ramparts       Ice            100%       1d12      1%          3
c - Ozocubu's Armour      Ice            56%        N/A       1%          3
d - Hailstorm             Conj/Ice       56%        3d12      1%          4
e - Stone Arrow           Conj/Erth      100%       3d13      1%          3
f - Ozocubu's Refrigerat  Ice            28%        4d10      12%         7
g - Iron Shot             Conj/Erth      25%        9d5       5%          6

Your spell library contained the following spells:

 Spells                   Type           Power      Damage    Failure   Level
 Freezing Cloud           Conj/Ice/Air   21%        6-21      2%          5
 Scorch                   Fire           18%        2d5       3%          2
 Animate Skeleton         Necr           18%        N/A       7%          1
 Pain                     Necr           36%        1d5       7%          1
 Sublimation of Blood     Necr           9%         N/A       11%         2
 Tukima's Dance           Hex            9%         N/A       22%         3
 Vampiric Draining        Necr           9%         2d6       22%         3
 Flame Wave               Conj/Fire      34%        2d7       1%          4
 Iskenderun's Battlesphe  Conj           56%        2d11      1%          5
 Irradiate                Conj/Tmut      17%        3d19      4%          5
 Petrify                  Tmut/Erth      26%        N/A       14%         4
 Conjure Ball Lightning   Conj/Air       17%        3x3d6     24%         6
 Anguish                  Hex/Necr       4%         N/A       56%         4
 Passage of Golubria      Tloc           9%         N/A       56%         4
 Spellforged Servitor     Conj/Summ      17%        N/A       75%         7
 Lehudib's Crystal Spear  Conj/Erth      25%        10d7      86%         8
 Agony                    Necr           9%         N/A       89%         5
 Silence                  Hex/Air        4%         N/A       89%         5
 Summon Cactus Giant      Summ           4%         N/A       100%        6
 Enfeeble                 Hex            4%         N/A       100%        7
 Discord                  Hex            4%         N/A       100%        8
 Disjunction              Tloc           4%         N/A       100%        8
 Excruciating Wounds      Necr           Unusable   N/A       N/A         5

Dungeon Overview and Level Annotations

Branches:
Dungeon (15/15)            Temple (1/1) D:7            Lair (6/6) D:10
 Shoals (0/4) Lair:3       Spider (0/4) Lair:3        Slime (0/5) Lair:6
    Orc (2/2) D:10            Elf (0/3) Orc:2        Vaults (0/5) D:14
 Depths (0/4) D:15

Altars:
Ashenzari
Cheibriados
Dithmenos
Elyvilon
Fedhas
Gozag
Hepliaklqana
Kikubaaqudgha
Makhleb
Nemelex Xobeh
Okawaru
Qazlal
Ru
Sif Muna
Trog
Uskayaw
Vehumet
Wu Jian
Xom
Yredelemnul
Zin
The Shining One
Lugonu

Shops:
D:2 *   D:8 *   D:9 (   D:14 *?*??   Orc:2 =(*[

Annotations:
D:12 2 transporters


Innate Abilities, Weirdness & Mutations

You have sharp claws.
You have razor-sharp teeth.
You have supernaturally acute eyesight. (SInv)
You cover ground quickly. (Speed+)
Your thick and shaggy fur keeps you warm. (AC +3, rC+)
Your paws help you pounce on unaware monsters.
You are incapable of wielding weapons or throwing items.
You cannot wear armour.
You gain extra lives every three experience levels.


Message History

The spell is quite dangerous to miscast (12% risk of failure)!
Continue anyway?
You miscast Ozocubu's Refrigeration.
You are lightly contaminated with residual magic.
Heat is drained from your body! You resist.
* * * LOW HITPOINT WARNING * * *
The brown ugly thing trunk-slaps you but does no damage.
Unknown command.
Unknown command.
Casting: Ozocubu's Refrigeration (quite dangerous; 12% risk of failure)
Confirm with . or Enter, or press ? or * to list all spells.
The spell is quite dangerous to miscast (12% risk of failure)!
Continue anyway?
The heat is drained from your surroundings.
You feel very cold.
The brown ugly things are frozen.
The brown ugly thing is severely wounded.
You kill the brown ugly thing!
Vehumet accepts your kill.
You feel your power returning.
The brown ugly thing is almost dead.
The brown ugly thing is severely wounded. x2
The brown ugly thing basks in the mutagenic energy from its kin and changes!
Training target 10.0 for Evocations reached!
Your Evocations skill increases to level 10!
Unknown command.
Unknown command.
You scratch the brown ugly thing but do no damage.
The brown ugly thing is severely wounded.
The brown ugly thing kicks you!
* * * LOW HITPOINT WARNING * * *
You are splashed with acid!
* * * LOW HITPOINT WARNING * * *
Unknown command.
Clouds of poison gas condense around you!
The condenser dries out!
The brown ugly thing is engulfed in poison gas.
The brown ugly thing is poisoned.
The brown ugly thing is engulfed in poison gas.
The brown ugly thing is poisoned.
The brown ugly thing is engulfed in poison gas.
The brown ugly thing is poisoned.
The brown ugly thing kicks you.
You die...

#############
#.§u§uuu@...#
#.#########'#########
.) +......÷÷)..(# #u
#.......#)...### #.
#.......#......# #
##..⌠..##......###
#.....####.....)#
##...## #......#
#...# ###....#


You could see 4 ugly things.

Vanquished Creatures
  Gastronok (Lair:2)
  A tengu reaver (D:15)
  An orc warlord (Orc:2)
  Nessos (D:14)
  Azrael (D:13)
  An ettin (D:15)
  The ghost of incide the Frost Mage, a journeyman GnIE of Gozag (Lair:1)
  The ghost of Fulomu the Protected, a journeyman MiEn of Okawaru (Lair:1)
  Fannar (Lair:3)
  The ghost of Xoova the Fighter, a journeyman DsFi of Gozag (Orc:1)
  5 boulder beetles
  4 vault guards (D:14)
  9 hydras
  6 centaur warriors
  7 catoblepae
  3 two-headed ogres
  4 death yaks (Lair:6)
  3 orc high priests (Orc:2)
  4 tengu warriors
  A vampire mage (D:15)
  11 skeletal warriors
  The ghost of ThreePoint314 the Conjurer, a novice DrCj of Vehumet (D:7)
  Nergalle (Lair:2)
  A necromancer (D:15)
  4 orc knights (Orc:2)
  5 deep elf pyromancers
  2 wolf spiders
  8 orc sorcerers
  5 manticores
  10 ugly things
  4 cyclopes
  A sphinx skeleton (D:15)
  4 black mambas
  A merfolk siren (Lair:3)
  A fire giant skeleton (D:15)
  A guardian serpent (shapeshifter) (D:14)
  3 elephants (Lair:5)
  A gargoyle (D:12)
  13 cane toads
  Maggie (Lair:2)
  A freezing wraith (D:14)
  Psyche (D:12)
  13 rime drakes
  A tengu conjurer (D:14)
  2 kobold demonologists
  4 komodo dragons
  3 efreet
  A merfolk (Lair:3)
  8 trolls
  A wind drake (shapeshifter) (D:15)
  A meliai (D:14)
  A polar bear (Lair:4)
  A meliai (shapeshifter) (D:14)
  26 blink frogs
  A slime creature (D:15)
  A centaur simulacrum (D:15)
  2 jumping spiders (Lair:3)
  A spriggan (shapeshifter) (D:15)
  5 wraiths
  9 wyverns
  49 yaks
  A hog (shapeshifter) (D:14)
  A golden eye (shapeshifter) (D:9)
  3 fire elementals
  9 basilisks
  2 steam dragons
  3 redbacks (Lair:3)
  6 vampire mosquitoes (D:14)
  3 wargs (Orc:2)
  2 acid dragons (D:11)
  7 water moccasins
  5 hell hounds
  A black bear (D:4)
  An ice beast (D:6)
  34 orc warriors
  A sky beast (D:6)
  10 ogres
  8 wolves (Lair:4)
  7 centaurs
  4 kobold brigands
  13 bullfrogs
  A scorpion (D:5)
  2 gnoll sergeants
  A wyvern skeleton (D:6)
  3 howler monkeys
  8 wights
  An electric eel (Lair:6)
  2 lava snakes (Lair:6)
  A bullfrog zombie (D:7)
  2 centaur zombies (D:10)
  3 hounds
  A gnoll shaman (D:6)
  15 orc priests
  4 jellies
  33 orc wizards
  7 hell rats (Lair:5)
  2 iguanas
  A killer bee zombie (D:5)
  2 hound zombies (D:5)
  A howler monkey zombie (D:5)
  5 spectral orcs (Orc:1)
  16 gnolls
  A howler monkey skeleton (D:6)
  16 adders
  A white imp (D:7)
  An orc simulacrum (Orc:1)
  An adder skeleton (D:4)
  A worm (D:2)
  4 dart slugs
  70 orcs
  4 bats
  6 endoplasms
  3 giant cockroaches
  10 goblins
  4 hobgoblins
  4 jackals (D:1)
  27 kobolds
  2 quokkas
  11 ball pythons
  4 frilled lizards
  6 rats
674 creatures vanquished.

Vanquished Creatures (others)
  A spectral orc (Orc:1)
  A bush (Lair:1)
  70 fungi
  104 plants
  10 withered plants
186 creatures vanquished.

Grand Total: 860 creatures vanquished

Notes
Turn   | Place    | Note
-------+----------+-------------------------------------------
     0 | D:1      | tilp the Felid Ice Elementalist began the quest for the
                  | Orb.
     0 | D:1      | Reached XP level 1. HP: 7/7 MP: 4/4
   232 | D:1      | Found a faded altar of an unknown god.
   314 | D:1      | Reached XP level 2. HP: 11/11 MP: 3/6
  1010 | D:1      | Reached XP level 3. HP: 14/14 MP: 5/7
  1014 | D:1      | Learned a level 3 spell: Frozen Ramparts
  1714 | D:2      | Learned a level 3 spell: Ozocubu's Armour
  1889 | D:2      | Found a blossoming altar of Fedhas.
  1889 | D:2      | Found Hehon's Assorted Antiques.
  2306 | D:2      | Bought a scroll labelled WUIZUVUVYX for 22 gold pieces
  2306 | D:2      | Bought a scroll labelled UDEXEGU TIEN for 22 gold pieces
  2464 | D:3      | Reached XP level 4. HP: 18/18 MP: 7/9
  2507 | D:3      | Reached skill level 5 in Ice Magic
  3529 | D:4      | Reached XP level 5. HP: 21/21 MP: 5/10
  3533 | D:4      | Noticed a black bear
  3556 | D:4      | HP: 1/21 [acid (7)]
  4283 | D:2      | Bought a dark potion for 19 gold pieces
  4283 | D:2      | Bought a metallic amethyst potion for 19 gold pieces
  4283 | D:2      | Bought a grey potion for 19 gold pieces
  4283 | D:2      | Bought 2 metallic amethyst potions for 39 gold pieces
  4359 | D:4      | Reached skill level 1 in Fighting
  4359 | D:4      | Gained mutation: You are covered in thick fur. (AC +2)
                  | [Felid growth]
  4359 | D:4      | Reached XP level 6. HP: 25/25 MP: 1/11
  4653 | D:4      | Found a white marble altar of Elyvilon.
  4662 | D:4      | Found a stormy altar of Qazlal.
  4810 | D:4      | Learned a level 4 spell: Hailstorm
  4846 | D:5      | Entered Level 5 of the Dungeon
  4915 | D:5      | Reached skill level 1 in Unarmed Combat
  5256 | D:5      | Found an opulent altar of Gozag.
  5293 | D:5      | Reached XP level 7. HP: 26/30 MP: 2/12
  5735 | D:5      | Found a shimmering blue altar of Sif Muna.
  5872 | D:2      | Bought a glass wand for 88 gold pieces
  5941 | D:6      | Reached skill level 5 in Stealth
  6364 | D:6      | Reached XP level 8. HP: 34/36 MP: 9/13
  6612 | D:6      | Reached skill level 1 in Conjurations
  6618 | D:6      | Reached skill level 1 in Evocations
  7744 | D:7      | Noticed a cyclops
  7956 | D:7      | Noticed a white ugly thing
  8101 | D:7      | Found a bloodstained altar of Trog.
  8731 | D:7      | Found a transporter.
  8732 | D:7      | Noticed ThreePoint314's ghost (novice DrCj)
  8734 | D:7      | Identified the +8 dire flail "Leom" {speed, Contam rPois
                  | MP+9 Dex+10}
  8735 | D:7      | Found a transporter.
  8949 | D:7      | Found a staircase to the Ecumenical Temple.
  9319 | Temple   | Entered the Ecumenical Temple
  9480 | Temple   | Became a worshipper of Vehumet
  9689 | D:8      | Reached XP level 9. HP: 13/39 MP: 6/16
 10101 | D:8      | Found Mutynooq's Gadget Gallery.
 11089 | D:8      | Reached skill level 5 in Conjurations
 11101 | D:8      | Reached skill level 5 in Spellcasting
 11622 | D:9      | Noticed a kobold demonologist
 11635 | D:9      | Killed a kobold demonologist
 12201 | D:9      | Noticed an efreet
 12442 | D:9      | Noticed a troll
 12450 | D:9      | Killed a troll
 12451 | D:9      | Reached XP level 10. HP: 43/43 MP: 4/18
 12667 | D:9      | Found a shadowy altar of Dithmenos.
 13318 | D:9      | Reached skill level 5 in Dodging
 13479 | D:9      | Found Dupikkij's Antique Weapon Shop.
 13750 | D:9      | Identified a scroll of acquirement
 13750 | D:9      | Acquired a +4 ring of protection
 13812 | D:10     | Entered Level 10 of the Dungeon
 13887 | D:10     | Noticed a centaur warrior
 13896 | D:10     | Killed a centaur warrior
 13897 | D:10     | Reached skill level 5 in Fighting
 13897 | D:10     | Reached skill level 5 in Unarmed Combat
 14380 | D:10     | Reached * piety under Vehumet
 14380 | D:10     | Offered knowledge of Magic Dart by Vehumet.
 14703 | D:10     | Noticed a two-headed ogre
 14717 | D:10     | Killed a two-headed ogre
 15517 | D:10     | Found a staircase to the Orcish Mines.
 15602 | D:10     | Found a staircase to the Lair.
 15837 | D:11     | Noticed a six-headed hydra
 16076 | D:11     | Reached XP level 11. HP: 48/48 MP: 1/20
 16189 | D:11     | Found a blossoming altar of Fedhas.
 16483 | D:11     | Noticed a centaur warrior
 16513 | D:11     | Noticed a skeletal warrior
 16513 | D:11     | Noticed a skeletal warrior
 17247 | D:7      | Killed ThreePoint314's ghost
 17247 | D:7      | Offered knowledge of Static Discharge by Vehumet.
 17531 | Lair:1   | Entered Level 1 of the Lair of Beasts
 17657 | Lair:1   | Reached ** piety under Vehumet
 18368 | Lair:1   | Found a runed translucent gate.
 18373 | Lair:1   | Found a runed translucent gate.
 18377 | Lair:1   | Found a runed translucent gate.
 18820 | Lair:1   | Noticed a wolf spider
 18827 | Lair:1   | Killed a wolf spider
 18974 | Lair:1   | Noticed incide's ghost (journeyman GnIE)
 18975 | Lair:1   | Noticed Fulomu's ghost (journeyman MiEn)
 19134 | Lair:2   | Noticed Nergalle
 19142 | Lair:2   | Killed Nergalle
 19219 | Lair:2   | Reached skill level 10 in Ice Magic
 19654 | Lair:2   | Noticed a boulder beetle
 19667 | Lair:2   | Noticed Maggie
 19667 | Lair:2   | Noticed a five-headed hydra
 19681 | Lair:2   | Killed Maggie
 19880 | Lair:2   | Gained mutation: Your thick and shaggy fur keeps you warm.
                  | (AC +3, rC+) [Felid growth]
 19880 | Lair:2   | Reached XP level 12. HP: 25/53 MP: 13/23
 20039 | Lair:2   | Killed a five-headed hydra
 20040 | Lair:2   | Reached skill level 5 in Evocations
 20263 | Lair:2   | Noticed Gastronok
 21174 | Lair:2   | Offered knowledge of Stone Arrow by Vehumet.
 21207 | Lair:1   | Learned a level 3 spell: Stone Arrow
 21277 | Lair:2   | Killed Gastronok
 21878 | Lair:3   | Noticed Fannar
 21891 | Lair:3   | Killed Fannar
 22127 | Lair:3   | HP: 2/54 [poisoned by a redback]
 22472 | Lair:3   | Found a hole to the Spider Nest.
 22825 | Lair:3   | Reached skill level 10 in Stealth
 23014 | Lair:3   | Identified the +11 whip of Zuseryv {pain, *Corrode rN+
                  | Will- Str+7}
 23115 | Lair:3   | Found a staircase to the Shoals.
 23126 | Lair:3   | Reached *** piety under Vehumet
 23510 | Lair:4   | Noticed an eight-headed hydra
 23776 | Lair:4   | Slain by a cane toad
 23777 | Lair:4   | Reached XP level 11. HP: -2/51 MP: 12/31
 23799 | Lair:4   | Offered knowledge of Olgreb's Toxic Radiance by Vehumet.
 24127 | Lair:4   | Identified the +2 robe of Ukkuaf {Archmagi}
 24160 | Lair:4   | Reached XP level 12. HP: 46/55 MP: 21/23
 24385 | Lair:4   | Reached skill level 1 in Earth Magic
 24912 | Lair:5   | Noticed a five-headed hydra
 24921 | Lair:5   | HP: 1/55 [five-headed hydra (4)]
 24922 | Lair:5   | Killed a five-headed hydra
 25651 | Lair:5   | Reached **** piety under Vehumet
 25985 | Lair:5   | Offered knowledge of Yara's Violent Unravelling by Vehumet.
 26037 | Lair:5   | Noticed a catoblepas
 26202 | Lair:5   | Killed a catoblepas
 27163 | Lair:6   | Entered Level 6 of the Lair of Beasts
 27181 | Lair:6   | Noticed a catoblepas
 27501 | Lair:6   | Noticed a seven-headed hydra
 27502 | Lair:6   | Noticed a four-headed hydra
 27506 | Lair:6   | Noticed a boulder beetle
 27648 | Lair:5   | Killed a catoblepas
 27649 | Lair:5   | Reached XP level 13. HP: 38/58 MP: 22/26
 27953 | Lair:6   | Found a staircase to the Slime Pits.
 29159 | Lair:6   | Reached skill level 5 in Earth Magic
 29272 | Lair:6   | Reached ***** piety under Vehumet
 29371 | Lair:6   | Offered knowledge of Ozocubu's Refrigeration by Vehumet.
 29380 | Lair:6   | Learned a level 7 spell: Ozocubu's Refrigeration
 30362 | Orc:1    | Entered Level 1 of the Orcish Mines
 30406 | Orc:2    | Entered Level 2 of the Orcish Mines
 30892 | Orc:2    | Reached skill level 10 in Conjurations
 31160 | Orc:2    | Noticed an orc warlord
 31178 | Orc:2    | Killed an orc warlord
 31697 | Orc:1    | Found a runed translucent gate.
 31697 | Orc:1    | Found a runed translucent gate.
 31697 | Orc:1    | Found a runed translucent gate.
 31697 | Orc:1    | Noticed Xoova's ghost (journeyman DsFi)
 31857 | Orc:1    | Killed Xoova's ghost
 33036 | Orc:2    | Learned a level 6 spell: Iron Shot
 33117 | Orc:2    | Offered knowledge of Sticky Flame by Vehumet.
 33118 | Orc:2    | Reached XP level 14. HP: 62/63 MP: 28/28
 33134 | Orc:2    | Found a staircase to the Elven Halls.
 33301 | Orc:2    | Noticed an orc warlord
 36323 | Orc:2    | Found Redwucit's Antique Armour Boutique.
 36324 | Orc:2    | Found Iheotzech's Antique Weapon Boutique.
 36326 | Orc:2    | Found Esu Vus's General Store.
 36326 | Orc:2    | Found Moisiwy's Jewellery Shop.
 36388 | Orc:2    | Bought a scroll of fear for 38 gold pieces
 36388 | Orc:2    | Bought a scroll of fog for 22 gold pieces
 36685 | D:2      | Bought a scroll of blinking for 165 gold pieces
 36811 | D:8      | Bought a wand of acid (3) for 210 gold pieces
 36811 | D:8      | Bought a wand of mindburst (9) for 195 gold pieces
 36811 | D:8      | Bought a condenser vane for 600 gold pieces
 36811 | D:8      | Bought a wand of paralysis (6) for 120 gold pieces
 37005 | Orc:2    | Bought an amulet of magic regeneration for 450 gold pieces
 37489 | Lair:1   | Killed Fulomu's ghost
 37495 | Lair:1   | Killed incide's ghost
 38957 | D:12     | Found a transporter.
 38961 | D:12     | Found a transporter.
 38961 | D:12     | Found a corrupted altar of Lugonu.
 39011 | D:12     | Noticed Psyche
 39759 | D:12     | Killed Psyche
 39942 | D:13     | Found the +8 Vampire's Tooth {vamp}
 40143 | D:13     | Offered knowledge of Lee's Rapid Deconstruction by Vehumet.
 40341 | D:13     | Noticed Azrael
 40344 | D:13     | Killed Azrael
 41442 | D:14     | Found Seadeiw's Magic Scroll Boutique.
 41445 | D:14     | Noticed Nessos
 41449 | D:14     | Shot with an arrow by Nessos
 41450 | D:14     | Reached XP level 13. HP: -9/58 MP: 26/36
 41471 | D:14     | Killed Nessos
 41554 | D:14     | Bought a scroll of identify for 24 gold pieces
 41554 | D:14     | Bought a scroll of teleportation for 36 gold pieces
 41554 | D:14     | Bought a scroll of teleportation for 36 gold pieces
 41554 | D:14     | Bought a scroll of identify for 24 gold pieces
 41627 | D:14     | Found a glowing golden altar of the Shining One.
 41844 | D:14     | Found Oxaicziy's Magic Scroll Shoppe.
 41852 | D:14     | Bought a scroll of torment for 90 gold pieces
 41863 | D:14     | Found Ifoam's Assorted Antiques.
 41871 | D:14     | Reached XP level 14. HP: 63/63 MP: 20/28
 41914 | D:14     | Found Ciymyps's General Store.
 41964 | D:14     | HP: 3/63 [tengu warrior (2)]
 43291 | D:14     | Found Forag's Magic Scroll Shoppe.
 43352 | D:14     | Found a gate to the Vaults.
 43356 | D:14     | Offered knowledge of Freezing Cloud by Vehumet.
 43643 | D:15     | Entered Level 15 of the Dungeon
 43643 | D:15     | Found a staircase to the Depths.
 43747 | D:15     | Reached skill level 10 in Dodging
 44275 | D:15     | Noticed a tengu reaver
 44275 | D:15     | Noticed a tengu reaver
 44281 | D:15     | HP: 3/64 [something (10)]
 44282 | D:15     | HP: 1/64 [five-headed hydra (1)]
 44283 | D:15     | Killed a tengu reaver
 44286 | D:15     | Killed from afar by a tengu reaver
 44287 | D:15     | Reached XP level 13. HP: -25/60 MP: 15/36
 44592 | D:15     | Reached skill level 10 in Evocations
 44592 | D:15     | HP: 3/61 [acid (9)]
 44593 | D:15     | Slain by a brown ugly thing

Illustrated notes

Levels and vault maps discovered:
D:1:      evilmike_arrival_fibonacci_small, layout_basic, serial_bayou,
          serial_bayou_shore_a, serial_bayou_pond_b, serial_bayou_pond_d,
          serial_bayou_pond_a, basic_ecumenical_altar
D:2:      layout_rooms, serial_shops, nicolae_shop_advertising_works
          [nicolae_subvault_shop_adworks], basic_altar
D:3:      layout_basic, corexii_shack
D:4:      layout_rooms, mainiacjoe_overflow_swirl
D:5:      layout_rooms, nicolae_sif_muna_condensation,
          mainiacjoe_overflow_catwalk, minmay_starry_boxes
D:6:      layout_loops_ring
D:7:      layout_loops_corners, trog_hazing_becter, minmay_temple_entry_fiery,
          gammafunk_ghost_smash, kennysheep_generic_room_14
D:8:      layout_rooms, nicolae_shop_gadgets
D:9:      layout_layer_cave, mainiacjoe_overflow_concentric_impassable,
          serial_shops, nicolae_shop_statue_plus, minmay_bent
D:10:     layout_basic, lair_entry_dummy, david_orc_4, serial_corexii_hall,
          chequers_hall_statues_corner_a, corexii_hall_statues_x,
          statue_in_the_mist_lemuel
D:11:     layout_stronghold, serial_column_ruins, column_ruins_grid_3,
          column_ruins_open_small, column_ruins_open_tiny, fedhas_altar_3
D:12:     gammafunk_corrupted_shrine, layout_irregular_city,
          kennysheep_decorative_pillar, uniq_psyche
D:13:     layout_basic, uniq_azrael
D:14:     minmay_box_of_statues, layout_cave_pools,
          lightli_vaults_fourway_checkpoint, serial_shops,
          nicolae_stop_n_shop_2, shop, shop, shop_fountains, nicolae_shop_stone,
          tso_metal_star, uniq_nessos
D:15:     gammafunk_depths_entry_grave, layout_irregular_city,
          hangedman_decor_riveting, nicolae_rejected_hall
Temple:   nicolae_temple_elliptical
Lair:1:   minmay_lair_venomous_thicket, layout_cave_pods,
          gammafunk_ghost_cemetery, serial_bayou_shore_b, lemuel_fruit_tree
Lair:2:   layout_layer_cave, uniq_maggie, uniq_nergalle, uniq_gastronok
Lair:3:   layout_cave_pods, elwin_shoals_entry_rooms,
          nicolae_spider_entry_tight_spaces, serial_bayou_shore_b,
          grunt_megastairs_2, uniq_fannar
Lair:4:   layout_misc_corridors, grunt_megastairs_5
Lair:5:   layout_cave_pods, special_room [special_room_mythical_zoo]
Lair:6:   evilmike_catoblepas_cave, layout_gridlike,
          nicolae_slime_entry_slimehenge
Orc:1:    layout_caves, gammafunk_ghost_necromancy
Orc:2:    st_orc_congregation, layout_diamond_mine

Skill      XL: |  1  2  3  4  5  6  7  8  9 10 11 12 13 14 |
---------------+-------------------------------------------+-----
Ice Magic      | 4 5 6 8 10 11 12 | 12.0
Spellcasting   | 3 4 5 7 8 9 |  9.0
Fighting       | 1 2 4 6 8 7 9 |  9.7
Dodging        | 3 4 6 8 10 | 10.0
Stealth        | 3 4 6 8 10 12 | 12.0
Unarmed Combat | 1 3 4 6 8 7 9 |  9.7
Conjurations   | 3 6 8 9 10 12 | 12.0
Evocations     | 3 4 8 6 10 9 | 10.0
Earth Magic    | 4 6 8 |  8.0

Action                   |  1- 3 |  4- 6 |  7- 9 | 10-12 | 13-15 || total
-------------------------+-------+-------+-------+-------+-------++-------
Melee: Unarmed           |    23 |    62 |    97 |   236 |   196 ||   614
       Bite              |     1 |     7 |    10 |    39 |    23 ||    80
       Punch             |       |     2 |     2 |    16 |    12 ||    32
 Cast: Freeze            |    53 |    41 |    35 |    70 |     2 ||   201
       Frozen Ramparts   |     4 |    15 |    30 |    89 |    73 ||   211
       Ozocubu's Armour  |       |     8 |    22 |    65 |    85 ||   180
       Hailstorm         |       |       |    24 |   101 |    34 ||   159
       Stone Arrow       |       |       |       |    90 |   393 ||   483
       Ozocubu's Refrige |       |       |       |       |    42 ||    42
       Iron Shot         |       |       |       |       |    35 ||    35
Evoke: Wand              |       |       |     3 |     8 |     9 ||    20
       Piece from Xom's  |       |       |       |     1 |     1 ||     2
       Condenser vane    |       |       |       |       |     1 ||     1
  Use: Scroll            |     5 |     7 |     5 |     8 |     6 ||    31
       Potion            |       |       |     2 |     2 |     1 ||     5
 Stab: Sleeping          |     5 |     1 |     6 |    12 |    10 ||    34
       Paralysed         |       |       |     1 |     3 |       ||     4
       Petrified         |       |       |       |     1 |       ||     1
       Distracted        |       |       |       |       |     1 ||     1
Armor: Skin              |     2 |    10 |    19 |    97 |    82 ||   210
Dodge: Dodged            |    50 |    78 |   104 |   332 |   299 ||   863

Table legend: (Time is in decaauts)
 A = Elapsed time spent in this place.
 B = Non-inter-level travel time spent in this place.
 C = Inter-level travel time spent in this place.
 D = Time resting spent in this place.
 E = Time spent auto-exploring this place.
 F = Levels seen in this place.
 G = Mean time per level.
                   A        B        C        D        E       F      G
               +--------+--------+--------+--------+--------+-----+--------+
         Total |  40627 |  37677 |   2950 |  13851 |  18164 |  24 | 1692.8 |
       Dungeon |  22794 |  20780 |   2014 |   6974 |  11250 |  15 | 1519.6 |
        Temple |    143 |    115 |     28 |      0 |    102 |   1 |  143.0 |
          Lair |  11765 |  11273 |    492 |   4050 |   5532 |   6 | 1960.8 |
  Orcish Mines |   5924 |   5509 |    415 |   2826 |   1278 |   2 | 2962.0 |
               +--------+--------+--------+--------+--------+-----+--------+

Top non-repeatable levels by time:
   Orc:2: 4326 daAuts
  Lair:5: 2743 daAuts
    D:14: 2374 daAuts
     D:7: 2368 daAuts
  Lair:1: 2253 daAuts
     D:9: 2227 daAuts
     D:8: 2016 daAuts
  Lair:2: 2013 daAuts
  Lair:6: 1989 daAuts
    D:10: 1939 daAuts
    D:11: 1807 daAuts
     D:6: 1631 daAuts
   Orc:1: 1597 daAuts
  Lair:3: 1507 daAuts
     D:3: 1485 daAuts
